Kradschützen Motorcycle Team
Selects Italian Combined Arms Battlegroup
Selects Bersaglieri Squad
Construct Light Support Kompanie
Selects Bersaglieri Bolster
Pak 38 Anti-tank Gun Team
Selects Breda Model 30 Light Machine Guns
Construct Mechanized Kompanie
Pak 38 Anti-tank Gun Team
Selects Semovente da 75/18 Assault Gun
Marder III Tank Destroyer
Marder III Tank Destroyer
Marder III Tank Destroyer
Marder III Tank Destroyer
Marder III Tank Destroyer
Marder III Tank Destroyer
Marder III Tank Destroyer
Marder III Tank Destroyer
Marder III Tank Destroyer